 Dungeon Crawl Stone Soup version 0.20.0-6-gd3061e9 (webtiles) character file.

75 Gorglomux the Grave Robber (level 4, -9/30 HPs)
             Began as a Vampire Necromancer on May 28, 2017.
             Mangled by a gnoll
             ... wielding a +0 flail
              (11 damage)
             ... on level 2 of the Dungeon.
             The game lasted 00:02:25 (1883 turns).

Gorglomux the Grave Robber (Vampire Necromancer)    Turns: 1883, Time: 00:02:26

Health: -9/30      AC:  2    Str:  8    XL:     4   Next: 11%
Magic:  1/7        EV: 13    Int: 17    God:
Gold:   84         SH:  0    Dex: 19    Spells: 3/7 levels left

rFire    . . .     SeeInvis +     - Unarmed
rCold    + . .     Gourm    .   (no shield)
rNeg     + + .     Faith    .   a - +0 robe
rPois    +         Spirit   .   (no helmet)
rElec    .         Reflect  .   (no cloak)
rCorr    .         Harm     .   (no gloves)
MR       .....                  (no boots)
Stlth    ++++......             (no amulet)
Regen    0.1/turn               h - +5 ring of dexterity
MPRegen  0.1/turn               (no ring)

@: regenerating slowly
A: fangs 3, see invisible, unbreathing
a: Bat Form


You were on level 2 of the Dungeon.
You were thirsty.

You visited 1 branch of the dungeon, and saw 2 of its levels.

You collected 84 gold pieces.

Inventory:

Armour
 a - a +0 robe (worn)
Jewellery
 h - a +5 ring of dexterity (left hand)
Scrolls
 f - 3 scrolls of identify {unknown}
 i - a scroll of enchant weapon {unknown}
Potions
 c - 9 potions of blood
 d - a potion of haste {unknown}
 e - a potion of lignification {unknown}
 g - a potion of mutation {unknown}
 j - a potion of degeneration {unknown}
Books
 b - a book of Necromancy

   Spells                             Type                      Level
   a - Pain                           Necromancy                   1
   b - Animate Skeleton               Necromancy                   1
   c - Vampiric Draining              Necromancy                   3
   d - Regeneration                   Charms/Necromancy            3
   e - Animate Dead                   Necromancy                   4
   f - Control Undead                 Necromancy                   4


   Skills:
 - Level 2.1 Dodging
 - Level 3.0 Stealth
 + Level 4.1 Unarmed Combat
 - Level 2.0 Spellcasting
 - Level 4.3 Necromancy


You had 3 spell levels left.
You knew the following spells:

 Your Spells              Type           Power        Failure   Level  Hunger
a - Pain                  Necr           ###.         3%          1    #......
R - Regeneration          Chrm/Necr      #.........   24%         3    ###....


Dungeon Overview and Level Annotations

Branches:
Dungeon (2/15)

Altars:


Innate Abilities, Weirdness & Mutations

You heal slowly.
You have razor-sharp teeth.
You have supernaturally acute eyesight. (SInv)
You can survive without breathing.


Message History

The gnoll writhes in agony!
The gnoll barely misses you.
Casting: Pain
Confirm with . or Enter, or press ? or * to list all spells.
Aiming: Pain
Press: ? - help, Shift-Dir - straight line, f/p - gnoll
Aim: a gnoll (almost dead, chance to defeat MR: 81%)
The gnoll writhes in agony!
You kill the gnoll!
You have reached level 4!
The gnoll hits you from afar with a spear!
Casting: Pain
Confirm with . or Enter, or press ? or * to list all spells.
Aiming: Pain
Press: ? - help, Shift-Dir - straight line, f - gnoll
Aim: a gnoll, wielding a flail (chance to defeat MR: 81%)
The gnoll writhes in agony!
The gnoll misses you.
The gnoll hits you from afar with a spear!
* * * LOW HITPOINT WARNING * * *
The gnoll hits you with a flail!
You die...

#.).......###...##
##.......##....##
#)........<.#.##
#(........###.#
#...........#.#
###.........#.#.#
.##.........#.#.#
..............#.####
................@..#
#........#
...#............#g.#
#........#
.#..........##...g###
#........#
.##.........##......#
#........# .# #.......
#..###.# ##........# >#
##..####....#
#.###....$....# .# ...
#....###.##..........#
...#.....)............#
..............#.......[#


You could see 2 gnolls.

Vanquished Creatures
  A gnoll (D:2)
  An adder (D:2)
  A worm (D:2)
  A dart slug (D:1)
  4 leopard geckos
  2 ball pythons (D:1)
  3 bats
  5 giant cockroaches
  4 hobgoblins (D:1)
  5 jackals (D:1)
  5 kobolds
  A quokka (D:2)
  3 frilled lizards
  3 goblins (D:1)
  4 rats (D:1)
43 creatures vanquished.

Notes
Turn   | Place    | Note
-------+----------+-------------------------------------------
     0 | D:1      | Gorglomux the Vampire Necromancer began the quest for the Orb.
     0 | D:1      | Reached XP level 1. HP: 13/13 MP: 3/3
   159 | D:1      | Reached skill level 1 in Unarmed Combat
   246 | D:1      | Reached XP level 2. HP: 11/19 MP: 0/5
   594 | D:1      | Reached XP level 3. HP: 10/24 MP: 0/6
   599 | D:1      | Learned a level 3 spell: Regeneration
   856 | D:1      | Reached skill level 3 in Unarmed Combat
  1880 | D:2      | Reached XP level 4. HP: 21/30 MP: 1/7
  1883 | D:2      | Mangled by a gnoll

Skill      XL: |  1  2  3 |
---------------+----------+-----
Unarmed Combat | 1 2 4 |  4.1
Dodging        | |  2.1
Stealth        | |  3.0
Spellcasting   | |  2.0
Necromancy     | |  4.3

Action                   |  1- 3 |  4- 6 || total
-------------------------+-------+-------++-------
Melee: Unarmed           |    62 |       ||    62
       Bite              |     3 |       ||     3
 Cast: Pain              |    52 |     2 ||    54
       Regeneration      |     4 |       ||     4
  Use: Potion            |     3 |       ||     3
 Stab: Sleeping          |     2 |       ||     2
Armor: Robe              |    27 |       ||    27
Dodge: Dodged            |    72 |     1 ||    73
